 Dungeon Crawl Stone Soup version 0.30-a0-364-gf6b3ef1049 (webtiles) character file.

Game seed: 479110894320133720

17769 ytrimaz the Tortoise (level 12, 0/81 HPs)
             Began as a Formicid Fighter on Nov 15, 2022.
             Was a High Priest of Okawaru.
             Slain by a cyan ugly thing (8 damage)
             ... on level 12 of the Dungeon.
             The game lasted 00:15:02 (12310 turns).

ytrimaz the Tortoise (Formicid Fighter)            Turns: 12310, Time: 00:15:03

Health: 0/81       AC: 28    Str: 26    XL:     12   Next: 86%
Magic:  12/12      EV:  8    Int:  8    God:    Okawaru [*****.]
Gold:   396        SH:  5    Dex: 13    Spells: 11/11 levels left

rFire   + . .      SeeInvis +    m - +9 battleaxe of Distraction {speed, Will+ rCorr}
rCold   . . .      Faith    .    c - +0 buckler
rNeg    . . .      Spirit   .    s - +2 plate armour {rF+}
rPois   .          Reflect  .    (helmet unavailable)
rElec   .          Harm     .    (no cloak)
rCorr   +          Rampage  .    q - +1 Delatra's gloves {ID++}
Will    ++...                    n - +1 pair of boots
Stlth   ..........               (no amulet)
HPRegen 0.33/turn                k - +4 ring of protection
MPRegen 0.13/turn                (no ring)

@: no status effects
A: permanent stasis, dig shafts and tunnels, antennae 3, four strong arms
a: Dig, Shaft Self, Renounce Religion, Heroism, Finesse, Duel


You were on level 12 of the Dungeon.
You worshipped Okawaru.
Okawaru was extremely pleased with you.
You visited 2 branches of the dungeon, and saw 14 of its levels.

You collected 994 gold pieces.
You spent 598 gold pieces at shops.


Innate Abilities, Weirdness & Mutations

You cannot be hasted, slowed, berserked, paralysed or teleported.
You can dig through walls and to a lower floor.
You have a pair of large antennae on your head. (SInv)
Your four strong arms can wield two-handed weapons with a shield.


   Skills:
 - Level 3.2 Fighting
 + Level 14.4 Axes
 + Level 15.7 Armour
 - Level 4.0 Shields


You had 11 spell levels left.
You didn't know any spells.
Your spell library contained the following spells:

 Spells                   Type           Power      Damage    Failure   Level
 Beastly Appendage        Tmut           0%         N/A       98%         1
 Wereblood                Tmut           0%         N/A       99%         2
 Ignite Poison            Fire/Tmut/Pois 0%         N/A       100%        3
 Portal Projectile        Hex/Tloc       0%         N/A       100%        3
 Spider Form              Tmut/Pois      0%         N/A       100%        3
 Leda's Liquefaction      Hex/Erth       0%         N/A       100%        4
 Sticky Flame             Conj/Fire      0%         2d3       100%        4
 Blade Hands              Tmut           0%         N/A       100%        5
 Freezing Cloud           Conj/Ice/Air   0%         6-21      100%        5
 Ignition                 Fire           0%         3d3       100%        8
 Polar Vortex             Ice            0%         N/A       100%        9
 Call Canine Familiar     Summ           Unusable   N/A       N/A         3
 Tukima's Dance           Hex            Unusable   N/A       N/A         3
 Simulacrum               Ice/Necr       Unusable   N/A       N/A         6

Inventory:

Hand Weapons
 a - a +1 war axe
 m - the +9 battleaxe of Distraction (weapon) {speed, Will+ rCorr}
   (You acquired it on level 11 of the Dungeon)

   Attacks with this weapon are significantly faster.
   rCorr:     It protects you from acid and corrosion.
   Will:      It increases your willpower.
 w - a +3 war axe
   (You took it off a wight on level 8 of the Dungeon)
Missiles
 b - 4 throwing nets
 o - 29 poisoned darts
 u - 5 boomerangs of dispersal
 v - 4 boomerangs
Armour
 c - a +0 buckler (worn)
 n - a +1 pair of boots (worn)
   (You found it on level 5 of the Dungeon)
 q - the +1 Delatra's gloves (worn) {ID++}
   (You found it on level 4 of the Dungeon)

   It heals its wearer when they drink unknown potions.
   It restores its wearer's MP when they read unknown scrolls.
 s - a +2 plate armour of fire resistance (worn)
   (You bought it in a shop on level 4 of the Dungeon)
Jewellery
 j - a ring of fire
   (You found it on level 2 of the Dungeon)
 k - a +4 ring of protection (left hand)
   (You found it on level 2 of the Dungeon)
 B - a ring of flight
   (You found it on level 11 of the Dungeon)
Wands
 l - a wand of roots (10) (quivered)
   (You found it on level 5 of the Dungeon)
 t - a wand of quicksilver (13)
   (You found it on level 7 of the Dungeon)
 C - a wand of paralysis (5)
   (You found it on level 11 of the Dungeon)
Scrolls
 d - 2 scrolls of enchant armour
 e - a scroll of torment
 i - a scroll of magic mapping
 p - a scroll of fog
 x - 2 scrolls of fear
 y - 2 scrolls of amnesia
 D - a scroll of silence
Potions
 f - 2 potions of flight
 g - a potion of ambrosia
 h - 2 potions of curing
 r - 3 potions of cancellation
 z - a potion of resistance

Dungeon Overview and Level Annotations

Branches:
Dungeon (13/15) Zot: 26972  Temple (1/1) D:6 Zot: 5902    Lair (0/5) D:11
    Orc (0/2) D:10
 Vaults: D:13-14

Altars:
Ashenzari
Cheibriados
Dithmenos
Elyvilon
Fedhas
Gozag
Hepliaklqana
Kikubaaqudgha
Makhleb
Nemelex Xobeh
Okawaru
Qazlal
Ru
Sif Muna
Trog
Uskayaw
Vehumet
Wu Jian
Xom
Yredelemnul
Zin
The Shining One

Shops:
D:4 [

Annotations:
D:12 Lodul

# #...............#.....§≈§≈≈§≈§≈
# #.###########.....###≈≈≈§§§§.§≈
###.# #...#..#######≈......§≈
.##.# #...#..# ##...........
.##.# #...#..####.......♣....
..#.# ####.........#....§.......
..#.# #........#......#≈§§§....≈
....# #.##...#.#u.....§≈§.....≈≈
..### #.##...#.@#......§≈≈§§≈§≈≈
..# #.######.........§≈≈≈≈§≈§#
..# ##.# ####..................
#######..###.....#...##...§......
##..(..?...#.###.......#.......
###.....####...#...#.##.##.......
....#.#### #...#.###....##.....>.
.#.......# #.[.#.# #..####.......
##.......# #.....####.####.......


You could see a cyan ugly thing.


Message History

You slash the ogre!
You kill the ogre!
Okawaru accepts your kill.
You slice the ogre!!
You kill the ogre!
Okawaru accepts your kill.
You slash the ogre! The ogre hits you with a +0 giant club!
The orc wizard mumbles some strange words.
The orc wizard flickers and vanishes for a moment. 😕 HP[-17]
You take 17 damage, and now have 64/81 hp.
MASSIVE DAMAGE!! (PAUSE)
You slice the ogre!!
You kill the ogre!
Okawaru accepts your kill.
You slash the ogre!
A cyan ugly thing comes into view.
You barely miss the ogre. The ogre closely misses you.
The ogre attacks as you move away! The ogre hits you with a +0 giant club!
Lodul attacks as you move away! Lodul hits you with a +0 dire flail.
There is a stone staircase leading up here. 😮 HP[-16]
You take 16 damage, and now have 48/81 hp.
Unknown command.
You are too injured to fight recklessly!
You are too injured to fight recklessly!
Unknown command.
You slice the ogre!!
You kill the ogre!
Okawaru accepts your kill.
You hear a shout!
A centaur comes into view. 😮 HP[+1] Unknown command.
You completely miss Lodul.
You slash the ogre! x2; Lodul closely misses you.
The ogre hits you but does no damage.
Unknown command.
The ogre hits you but does no damage. The cyan ugly thing closely misses you.
You climb upwards.
There is a stone staircase leading down here. 😮 HP[+1] Unknown command.
Unknown command.
You slash the ogre! x2; You closely miss the cyan ugly thing.
You block the ogre's attack. The cyan ugly thing pecks you!
The cyan ugly thing shocks you!
* * * LOW HITPOINT WARNING * * *
😨 HP[-20]
You take 20 damage, and now have 30/81 hp.
MASSIVE DAMAGE!! (PAUSE)
You slash the ogre!
You kill the ogre!
Okawaru accepts your kill.
You closely miss the cyan ugly thing. You slash the ogre!
The cyan ugly thing closely misses you.
You see here a +0 giant spiked club.
Unknown command.
You slice the ogre!!
You kill the ogre!
Okawaru accepts your kill.
You hit the cyan ugly thing. The cyan ugly thing pecks you.
* * * LOW HITPOINT WARNING * * *
The cyan ugly thing shocks you!
* * * LOW HITPOINT WARNING * * *
😱 HP[-16]
You take 16 damage, and now have 14/81 hp.
Unknown command.
Lodul barely misses you.
The cyan ugly thing pecks you but does no damage.
There is a stone staircase leading down, spattered with blood here.
You see here a +0 giant club.
You feel better.
The cyan ugly thing pecks you but does no damage.
Lodul completely misses you. 😱 HP[+5]
You regained 5 hp, and now have 19/81 hp.
Okay, then.
As you read the scroll of fear, it crumbles to dust.
You assume a fearsome visage.
The cyan ugly thing looks frightened!
Lodul looks frightened! 😱 HP[+1] Unknown command.
Unknown command.
You see here a +0 giant spiked club.
Lodul gives up. 😨 HP[+1]
The cyan ugly thing seems to regain its courage.
The cyan ugly thing completely misses you. 😨 HP[+1] 😨 HP[+1]
The cyan ugly thing attacks as you move away!
The cyan ugly thing pecks you!
* * * LOW HITPOINT WARNING * * *
The cyan ugly thing shocks you!
* * * LOW HITPOINT WARNING * * *
😱 HP[-22]
You take 22 damage, and now have 1/81 hp.
MASSIVE DAMAGE!! (PAUSE)
You feel better. The cyan ugly thing pecks you!
You die...

Skill      XL: |  1  2  3  4  5  6  7  8  9 10 11 12 |
---------------+-------------------------------------+-----
Armour         | 4 6 7 8 10 12 14 15 | 15.7
Axes           | 3 5 6 7 9 11 13 14 | 14.4
Fighting       | |  3.2
Shields        | |  4.0

Action                   |  1- 3 |  4- 6 |  7- 9 | 10-12 || total
-------------------------+-------+-------+-------+-------++-------
Melee: War axe           |    65 |   100 |   297 |   381 ||   843
       Battleaxe         |       |       |       |   116 ||   116
Invok: Heroism           |       |       |       |     2 ||     2
Evoke: Wand              |       |       |       |     6 ||     6
  Use: Scroll            |     4 |     5 |     6 |    12 ||    27
       Potion            |       |     2 |     5 |     9 ||    16
Armor: Scale mail        |    31 |       |       |       ||    31
       Plate armour      |     1 |    83 |   209 |   425 ||   718
       Skin              |       |    23 |   109 |       ||   132
Dodge: Dodged            |    33 |    37 |    99 |   199 ||   368
Block: Buckler           |    17 |    28 |    85 |   144 ||   274

Levels and vault maps discovered:
D:1:      roderic_crop_circles_arrival_small, layout_basic,
          minmay_misc_feat_more_columns, minmay_octomino_c4
D:2:      layout_rooms, corner_web_ring, hangedman_glass_teeth,
          roderic_serpentine_path
D:3:      layout_basic, amcnicky_altar_gilded, mainiacjoe_overflow_tiny_flanked,
          basic_ecumenical_altar
D:4:      layout_gridville, kennysheep_mini_moat, serial_shops,
          nicolae_shop_trees, kennysheep_generic_room_11, uniq_pargi
D:5:      layout_gridville
D:6:      layout_loops_ring, overflow_temple_1_default, temple_fountains,
          nrook_mini_vaults, nicolae_water_bricks
D:7:      layout_rooms
D:8:      layout_basic, mainiacjoe_overflow_concentric_impassable
D:9:      layout_rooms, zin_treasury, uniq_harold
D:10:     layout_roguey, lemuel_round_altar, david_orc_3
D:11:     layout_basic, hellmonk_lair_entry_icy
D:12:     kennysheep_demon_hangout, layout_rooms
D:13:     layout_rooms, serial_curves, eino_curves_01, eino_curves_04,
          dreamdust_princess_bridge, minmay_fractal_squares_diagonal_5,
          uniq_lodul
Temple:   hellmonk_temple_divided_pantheon

Notes
Turn   | Place    | Note
-------+----------+-------------------------------------------
     0 | D:1      | ytrimaz the Formicid Fighter began the quest for the Orb.
     0 | D:1      | Reached XP level 1. HP: 18/18 MP: 1/1
     0 | D:1      | magus.rc [v1.9.6]
   332 | D:1      | Reached XP level 2. HP: 10/24 MP: 2/2
  1005 | D:2      | Reached XP level 3. HP: 29/29 MP: 3/3
  1076 | D:2      | Reached skill level 4 in Armour
  1336 | D:2      | Reached skill level 3 in Axes
  1339 | D:2      | Reached XP level 4. HP: 27/35 MP: 4/4
  1508 | D:2      | Identified the +5 short sword of Hiaqob {antimagic, Will+}
  1790 | D:3      | Found a shimmering blue altar of Sif Muna.
  1807 | D:3      | Found a bloodstained altar of Trog.
  1978 | D:3      | Reached XP level 5. HP: 35/41 MP: 5/5
  2113 | D:3      | Found a faded altar of an unknown god.
  2144 | D:3      | Reached skill level 4 in Axes
  2144 | D:3      | Reached skill level 5 in Armour
  2565 | D:3      | You pick up a book of Weapons and begin reading...
  2565 | D:3      | You add the spells Tukima's Dance, Portal Projectile and
                  | Blade Hands to your library.
  2808 | D:4      | Found a sacrificial altar of Ru.
  2810 | D:4      | Found Muddiakk's Antique Armour Shop.
  2840 | D:4      | Noticed a yak
  2840 | D:4      | Noticed a yak
  2841 | D:4      | Noticed a yak
  2841 | D:4      | Noticed a yak
  2852 | D:4      | Killed a yak
  2852 | D:4      | Killed a yak
  2853 | D:4      | Reached skill level 5 in Axes
  2853 | D:4      | Reached skill level 6 in Armour
  2853 | D:4      | Reached XP level 6. HP: 47/47 MP: 6/6
  2853 | D:4      | Reached XP level 7. HP: 52/52 MP: 7/7
  2853 | D:4      | Killed a yak
  2856 | D:4      | Killed a yak
  2857 | D:4      | Reached skill level 6 in Axes
  2857 | D:4      | Reached skill level 7 in Armour
  2857 | D:4      | Reached XP level 8. HP: 58/58 MP: 8/8
  3348 | D:4      | Noticed Pargi
  3360 | D:4      | Killed Pargi
  3591 | D:4      | Found the +1 Delatra's gloves {ID++}
  3638 | D:5      | Entered Level 5 of the Dungeon
  3708 | D:5      | Reached skill level 8 in Armour
  3717 | D:5      | Identified the +0 helmet of the Dwarven Hall {Dex+4}
  3761 | D:5      | Reached skill level 7 in Axes
  4164 | D:5      | Reached XP level 9. HP: 45/64 MP: 9/9
  4719 | D:6      | Reached skill level 9 in Armour
  4720 | D:6      | Reached skill level 8 in Axes
  5257 | D:6      | Reached skill level 10 in Armour
  5419 | D:6      | Found a white marble altar of Elyvilon.
  5489 | D:6      | Reached skill level 9 in Axes
  5633 | D:6      | You pick up a book of the Hunter and begin reading...
  5633 | D:6      | You add the spells Call Canine Familiar and Leda's
                  | Liquefaction to your library.
  5738 | D:6      | Found a staircase to the Ecumenical Temple.
  5748 | Temple   | Entered the Ecumenical Temple
  5748 | Temple   | Found a transporter.
  5748 | Temple   | Found a transporter.
  5791 | Temple   | Found a transporter.
  5791 | Temple   | Found a transporter.
  5833 | Temple   | Became a worshipper of Warmaster Okawaru
  6014 | D:6      | Reached XP level 10. HP: 30/70 MP: 10/10
  6398 | D:7      | Reached * piety under Okawaru
  6405 | D:7      | Reached skill level 11 in Armour
  6507 | D:7      | Reached skill level 10 in Axes
  6537 | D:7      | You pick up a book of Ice and begin reading...
  6537 | D:7      | You add the spells Freezing Cloud and Polar Vortex to your
                  | library.
  6552 | D:7      | You pick up a book of Changes and begin reading...
  6552 | D:7      | You add the spells Beastly Appendage, Wereblood and Spider
                  | Form to your library.
  7150 | D:8      | Found an ancient bone altar of Kikubaaqudgha.
  7267 | D:8      | Reached ** piety under Okawaru
  7439 | D:8      | Reached skill level 12 in Armour
  7441 | D:8      | HP: 17/70 [orc warrior/+0 scimitar (5)]
  7445 | D:8      | Reached skill level 11 in Axes
  8027 | D:8      | Reached *** piety under Okawaru
  8216 | D:9      | Reached XP level 11. HP: 75/75 MP: 11/11
  8232 | D:9      | Noticed Harold
  8245 | D:9      | Killed Harold
  8384 | D:9      | Found a glowing silver altar of Zin.
  8480 | D:9      | HP: 16/75 [orc warrior/+0 hand axe (3)]
  8487 | D:9      | HP: 13/75 [orc warrior/+0 hand axe (4)]
  8922 | D:9      | Reached skill level 13 in Armour
  9031 | D:10     | Entered Level 10 of the Dungeon
  9031 | D:10     | Noticed a two-headed ogre
  9058 | D:10     | Found a staircase to the Orcish Mines.
  9279 | D:9      | Reached skill level 12 in Axes
  9433 | D:10     | Reached **** piety under Okawaru
  9464 | D:10     | Killed a two-headed ogre
  9749 | D:10     | Found an opulent altar of Gozag.
  9782 | D:10     | Received a gift from Okawaru
 10043 | D:10     | Reached skill level 14 in Armour
 10324 | D:10     | Identified a scroll of acquirement
 10501 | D:4      | Acquired 312 gold pieces
 10505 | D:4      | Bought a runed plate armour for 598 gold pieces
 10850 | D:11     | Acquired the +9 battleaxe of Distraction {speed, Will+
                  | rCorr}
 10947 | D:11     | Reached skill level 13 in Axes
 10948 | D:11     | Found a staircase to the Lair.
 10958 | D:11     | Reached ***** piety under Okawaru
 10959 | D:11     | Reached XP level 12. HP: 54/81 MP: 9/12
 11598 | D:12     | Reached skill level 15 in Armour
 11602 | D:12     | You add the spells Ignite Poison, Sticky Flame and Ignition
                  | to your library.
 11660 | D:12     | Noticed a boulder beetle
 11675 | D:12     | Killed a boulder beetle
 11675 | D:12     | Received a gift from Okawaru
 11734 | D:12     | Noticed a two-headed ogre
 11747 | D:12     | Killed a two-headed ogre
 11748 | D:12     | Reached skill level 14 in Axes
 12188 | D:12     | Noticed a two-headed ogre
 12194 | D:12     | Killed a two-headed ogre
 12280 | D:13     | Noticed Lodul
 12283 | D:13     | Noticed a five-headed hydra
 12295 | D:12     | HP: 14/81 [cyan ugly thing (12)]
 12309 | D:12     | HP: 16/81 [cyan ugly thing (7)]
 12309 | D:12     | HP: 1/81 [cyan ugly thing (15)]
 12310 | D:12     | Slain by a cyan ugly thing

Vanquished Creatures
  Harold (D:9)
  A boulder beetle (D:12)
  3 two-headed ogres
  2 ugly things
  3 cyclopes (D:12)
  A rime drake (D:11)
  2 komodo dragons
  A hellwing (D:12)
  2 trolls (D:11)
  2 polar bears (D:11)
  3 shadows
  21 yaks
  2 wyverns
  A wraith (D:12)
  4 vampire mosquitoes (D:10)
  2 steam dragons
  2 acid dragons
  3 water moccasins
  Pargi (D:4)
  7 orc warriors
  4 ice beasts (D:11)
  3 black bears
  2 sky beasts
  7 ogres
  10 centaurs
  A kobold brigand (D:7)
  A gnoll sergeant (D:9)
  A scorpion (D:6)
  A necrophage (D:6)
  4 bullfrogs
  7 wights (D:8)
  13 killer bees
  2 howler monkeys
  An electric eel (D:6)
  A hound (D:5)
  A jelly (D:7)
  2 gnoll boudas
  10 orc priests
  6 iguanas
  2 iron imps (D:12)
  16 orc wizards
  21 gnolls
  7 adders
  A white imp (D:5)
  An ufetubus (D:4)
  2 worms
  2 dart slugs
  53 orcs
  6 bats
  6 endoplasms
  4 giant cockroaches
  4 hobgoblins
  2 jackals (D:4)
  12 kobolds
  3 quokkas
  4 ball pythons
  7 frilled lizards
  6 goblins
  4 rats
304 creatures vanquished.

Vanquished Creatures (others)
  3 killer bees (D:6)
  An orc (D:9)
4 creatures vanquished.

Grand Total: 308 creatures vanquished

Table legend:
 A = Non-vault XP
 B = Vault XP
 C = Vault XP percentage of total XP
 D = Non-vault monster count
 E = Vault monster count
 F = Vault count percentage of total count
                 A         B        C        D         E       F
            +---------+---------+-------+---------+---------+-------
      Total |   21303 |    4082 |  16.1 |     272 |      34 |  11.1
            +---------+---------+-------+---------+---------+-------
        D:1 |      18 |      10 |  35.7 |      12 |       6 |  33.3
        D:2 |      77 |       0 |   0.0 |      18 |       0 |   0.0
        D:3 |     153 |       0 |   0.0 |      21 |       0 |   0.0
        D:4 |     997 |     139 |  12.2 |      18 |       3 |  14.3
        D:5 |     738 |       0 |   0.0 |      25 |       0 |   0.0
        D:6 |    1664 |       0 |   0.0 |      36 |       0 |   0.0
        D:7 |     917 |       0 |   0.0 |      28 |       0 |   0.0
        D:8 |    2900 |       0 |   0.0 |      47 |       0 |   0.0
        D:9 |    1529 |    1066 |  41.1 |      17 |       4 |  19.0
       D:10 |    4262 |     211 |   4.7 |      19 |       5 |  20.8
       D:11 |    2963 |    1512 |  33.8 |      22 |       7 |  24.1
       D:12 |    5085 |     657 |  11.4 |       9 |       5 |  35.7
       D:13 |       0 |     487 | 100.0 |       0 |       4 | 100.0
            +---------+---------+-------+---------+---------+-------

Illustrated notes

Table legend:
 A = Kills in this place as a percentage of kills in entire the game.
 B = Kills by you in this place as a percentage of kills by you in the entire game.
 C = Kills by friends in this place as a percentage of kills by friends in the entire game.
 D = Other kills in this place as a percentage of other kills in the entire game.
 E = Experience gained in this place as a percentage of experience gained in the entire game.
 F = Experience gained in this place divided by the number of levels of this place that you have seen.
                   A       B       C       D       E      F
               +-------+-------+-------+-------+-------+----------------------
         Total | 100.0 | 100.0 |   N/A | 100.0 | 100.0 | 1813.2
       Dungeon | 100.0 | 100.0 |   N/A | 100.0 | 100.0 | 1952.7
               +-------+-------+-------+-------+-------+----------------------

Table legend: (Time is in decaauts)
 A = Elapsed time spent in this place.
 B = Non-inter-level travel time spent in this place.
 C = Inter-level travel time spent in this place.
 D = Time resting spent in this place.
 E = Time spent auto-exploring this place.
 F = Levels seen in this place.
 G = Mean time per level.
                   A        B        C        D        E       F      G
               +--------+--------+--------+--------+--------+-----+--------+
         Total |  12373 |  11389 |    984 |    511 |   8723 |  14 |  883.8 |
       Dungeon |  12276 |  11303 |    973 |    511 |   8676 |  13 |  944.3 |
        Temple |     97 |     86 |     11 |      0 |     47 |   1 |   97.0 |
               +--------+--------+--------+--------+--------+-----+--------+

Top non-repeatable levels by time:
     D:6: 1559 daAuts
     D:5: 1208 daAuts
     D:8: 1178 daAuts
     D:3: 1143 daAuts
     D:9: 1141 daAuts
    D:10: 1115 daAuts
     D:1: 1013 daAuts
     D:4: 996 daAuts
    D:11: 803 daAuts
     D:2: 745 daAuts
    D:12: 692 daAuts
     D:7: 670 daAuts
  Temple: 97 daAuts
    D:13: 8 daAuts
